| TOP OF THE 1ST |
|
Harrisburg Senators batting - Pitching for Biloxi Shuckers : RHP Junzo Yanagisawa
|
|
Pitching: RHP Junzo Yanagisawa
|
|
|
Batting: RHB Ryan Hiemer
|
0-0: Ball 1-0: Ball 2-0: Called Strike 2-1: Called Strike 2-2: Strikes out looking
|
|
Batting: RHB Er Le
|
0-0: Foul Ball, location: 2F 0-1: Reached on error, E7 (Flyball, 7, EV 91.2 MPH)
|
|
Batting: RHB Antonio Laurel
|
0-0: Called Strike 0-1: Foul Ball, location: 2F 0-2: Ball 1-2: Ball 2-2: Hit by Pitch Er Le to second
|
|
Batting: LHB Chance McWilliams
|
0-0: Called Strike 0-1: Foul Ball, location: 2F 0-2: Fly out, F9 (Line Drive, 9, EV 93.8 MPH)
|
|
Batting: RHB Pat Scaturro
|
0-0: Ball 1-0: Called Strike 1-1: Swinging Strike 1-2: Strikes out swinging
|
| Top of the 1st over - 0 runs, 0 hits, 1 error, 2 left on base; Harrisburg 0 - Biloxi 0 |
| BOTTOM OF THE 1ST |
|
Biloxi Shuckers batting - Pitching for Harrisburg Senators : RHP Todd Carbaugh
|
|
Pitching: RHP Todd Carbaugh
|
|
|
Batting: RHB Nick Cummings
|
0-0: Foul Ball, location: 2F 0-1: Ball 1-1: Ball 2-1: Fly out, F9 (Flyball, 9D, EV 73.8 MPH)
|
|
Batting: SHB Justin Hensley
|
0-0: Called Strike 0-1: Foul Ball, location: 2F 0-2: Ball 1-2: Ball 2-2: Ball 3-2: Foul Ball, location: 2F 3-2: Foul Ball, location: 2F 3-2: DOUBLE (Line Drive, 7LM, EV 106.2 MPH)
|
|
Batting: SHB Aaron Neill
|
0-0: Ball 1-0: Swinging Strike 1-1: Ball 2-1: Foul Ball, location: 2F 2-2: SINGLE (Line Drive, 56, EV 98.1 MPH) Justin Hensley to third
|
|
Batting: RHB Jeremy Harden
|
0-0: Called Strike 0-1: Called Strike 0-2: Strikes out swinging
|
|
Batting: LHB Rick Campbell
|
0-0: Called Strike 0-1: Ball 1-1: Swinging Strike 1-2: Foul Ball, location: 2F 1-2: Foul Ball, location: 2F 1-2: Ball 2-2: SINGLE (Groundball, 6MD, EV 100.0 MPH) Justin Hensley scores Aaron Neill to second
|
|
Batting: SHB Jerry Duffy
|
0-0: SINGLE (Groundball, 6S, EV 65.0 MPH) (infield hit) Aaron Neill to third Rick Campbell to second
|
|
Batting: RHB Josh Nelson
|
0-0: Ball 1-0: Ball Wild Pitch! Aaron Neill scores Rick Campbell to third Jerry Duffy to second 2-0: Ball 3-0: Called Strike 3-1: Swinging Strike 3-2: Strikes out looking
|
| Bottom of the 1st over - 2 runs, 4 hits, 0 errors, 2 left on base; Harrisburg 0 - Biloxi 2 |
| TOP OF THE 2ND |
|
Harrisburg Senators batting - Pitching for Biloxi Shuckers : RHP Junzo Yanagisawa
|
|
Batting: RHB Bobby Bricker
|
0-0: Ball 1-0: Ball 2-0: Called Strike 2-1: SINGLE (Line Drive, 9S, EV 96.2 MPH)
|
|
Batting: RHB Roger Simmons
|
0-0: SINGLE (Groundball, 34D, EV 105.6 MPH) Bobby Bricker to second Runner from 2nd tries for 3rd, OUT! 9-5
|
|
Batting: RHB Antonio Vallez
|
0-0: Called Strike 0-1: Ball 1-1: Ball 2-1: Called Strike 2-2: Ball 3-2: Base on Balls Roger Simmons to second
|
|
Batting: LHB Vince McLane
|
0-0: Swinging Strike 0-1: Grounds into double play, 4-6-3 (Groundball, 4, EV 104.4 MPH)
|
| Top of the 2nd over - 0 runs, 2 hits, 0 errors, 1 left on base; Harrisburg 0 - Biloxi 2 |
| BOTTOM OF THE 2ND |
|
Biloxi Shuckers batting - Pitching for Harrisburg Senators : RHP Todd Carbaugh
|
|
Batting: RHB Brian Landrum
|
0-0: Ground out 6-3 (Groundball, 6M, EV 83.1 MPH)
|
|
Batting: RHB Leo Serrano
|
0-0: Ground out 2-3 (Groundball, 15S, EV 65.6 MPH)
|
|
Batting: RHB Nick Cummings
|
0-0: Ground out 5-3 (Groundball, 56S, EV 63.8 MPH)
|
| Bottom of the 2nd over - 0 runs, 0 hits, 0 errors, 0 left on base; Harrisburg 0 - Biloxi 2 |
| TOP OF THE 3RD |
|
Harrisburg Senators batting - Pitching for Biloxi Shuckers : RHP Junzo Yanagisawa
|
|
Batting: RHB Ryan Hiemer
|
0-0: SINGLE (Line Drive, 9S, EV 98.1 MPH)
|
|
Batting: RHB Er Le
|
0-0: Ball 1-0: Fielders Choice at 2nd, 6-4 (Groundball, 6, EV 92.5 MPH)
|
|
Batting: RHB Antonio Laurel
|
0-0: Called Strike 0-1: Ball 1-1: Ball 2-1: Swinging Strike 2-2: Foul Ball, location: 2F 2-2: Foul Ball, location: 2F 2-2: Strikes out swinging
|
|
Batting: LHB Chance McWilliams
|
0-0: Ball 1-0: Called Strike 1-1: Ball 2-1: Called Strike 2-2: Foul Ball, location: 2F 2-2: SINGLE (Line Drive, 8LS, EV 109.4 MPH) Er Le to second Runner from 2nd tries for 3rd, OUT after rundown.
|
| Top of the 3rd over - 0 runs, 2 hits, 0 errors, 1 left on base; Harrisburg 0 - Biloxi 2 |
| BOTTOM OF THE 3RD |
|
Biloxi Shuckers batting - Pitching for Harrisburg Senators : RHP Todd Carbaugh
|
|
Batting: SHB Justin Hensley
|
0-0: Foul Ball, location: 2F 0-1: Foul Ball, location: 2F 0-2: Ball 1-2: Ball 2-2: Foul Ball, location: 2F 2-2: Ball 3-2: Foul Ball, location: 2F 3-2: Base on Balls
|
|
Batting: SHB Aaron Neill
|
0-0: Ball 1-0: Ball 2-0: Ball 3-0: Called Strike 3-1: Base on Balls Justin Hensley to second
|
|
Batting: RHB Jeremy Harden
|
0-0: Ball 1-0: Ball 2-0: Foul Ball, location: 2F 2-1: Fielders Choice at 2nd, 6-4 (Groundball, 6, EV 83.8 MPH) Justin Hensley to third
|
|
Batting: LHB Rick Campbell
|
0-0: Foul Ball, location: 2F 0-1: Foul Ball, location: 2F 0-2: Foul Ball, location: 2F 0-2: Ball 1-2: Foul Ball, location: 2F 1-2: Fly out, F7 (Flyball, 7LSF, EV 77.5 MPH)
|
|
Batting: SHB Jerry Duffy
|
0-0: Foul Ball, location: 2F 0-1: Ball 1-1: Ball 2-1: Foul Ball, location: 2F 2-2: Foul Ball, location: 2F 2-2: Foul Ball, location: 2F 2-2: Ball 3-2: SINGLE (Flyball, 56D, EV 95.0 MPH) Justin Hensley scores Jeremy Harden to second Jeremy Harden to third
|
|
Batting: RHB Josh Nelson
|
0-0: Called Strike 0-1: Ball 1-1: Called Strike 1-2: Ball 2-2: Strikes out swinging
|
| Bottom of the 3rd over - 1 run, 1 hit, 0 errors, 2 left on base; Harrisburg 0 - Biloxi 3 |
| TOP OF THE 4TH |
|
Harrisburg Senators batting - Pitching for Biloxi Shuckers : RHP Junzo Yanagisawa
|
|
Batting: RHB Pat Scaturro
|
0-0: Foul Ball, location: 2F 0-1: Fly out, F9 (Flyball, 9D, EV 103.8 MPH)
|
|
Batting: RHB Bobby Bricker
|
0-0: Ground out 6-3 (Groundball, 6, EV 96.2 MPH)
|
|
Batting: RHB Roger Simmons
|
0-0: Ball 1-0: DOUBLE (Line Drive, 78XD, EV 109.4 MPH)
|
|
Batting: RHB Antonio Vallez
|
0-0: Foul Ball, location: 2F 0-1: Foul Ball, location: 2F 0-2: Ball 1-2: Ball 2-2: Ball 3-2: Base on Balls
|
|
Batting: LHB Vince McLane
|
0-0: Ball 1-0: Called Strike 1-1: Called Strike 1-2: Strikes out looking
|
| Top of the 4th over - 0 runs, 1 hit, 0 errors, 2 left on base; Harrisburg 0 - Biloxi 3 |
| BOTTOM OF THE 4TH |
|
Biloxi Shuckers batting - Pitching for Harrisburg Senators : RHP Todd Carbaugh
|
|
Batting: RHB Brian Landrum
|
0-0: Called Strike 0-1: Called Strike 0-2: Ball 1-2: Reached on error, E5 (Groundball, 56, EV 100.6 MPH)
|
|
Batting: RHB Leo Serrano
|
0-0: Called Strike Brian Landrum steals 2nd base 0-1: Swinging Strike 0-2: Strikes out swinging
|
|
Pitching: RHP Luis Astudillo
|
|
|
Batting: RHB Nick Cummings
|
0-0: Called Strike 0-1: Swinging Strike 0-2: 2-RUN HOME RUN (Flyball, 7D, EV 96.2 MPH), Distance : 377 ft
|
|
Batting: SHB Justin Hensley
|
0-0: Ball 1-0: Ball 2-0: Ball 3-0: Base on Balls
|
|
Batting: SHB Aaron Neill
|
Pickoff Throw to First - Out! 1-3 CS
|
|
DELAY
|
Rain delay of 65 minutes in the 4th inning. 0-0: Ball 1-0: DOUBLE (Line Drive, 78D, EV 106.9 MPH)
|
|
Batting: RHB Jeremy Harden
|
0-0: Foul Ball, location: 2F 0-1: SINGLE (Line Drive, 9LS, EV 104.4 MPH) Aaron Neill to third Throwing error, E9 Aaron Neill scores Jeremy Harden to second
|
|
Batting: LHB Rick Campbell
|
0-0: Called Strike 0-1: Ball 1-1: Foul Ball, location: 2F 1-2: Ball 2-2: Foul Ball, location: 2F 2-2: Strikes out swinging
|
| Bottom of the 4th over - 3 runs, 3 hits, 2 errors, 1 left on base; Harrisburg 0 - Biloxi 6 |
| TOP OF THE 5TH |
|
Harrisburg Senators batting - Pitching for Biloxi Shuckers : RHP Junzo Yanagisawa
|
|
Batting: RHB Ryan Hiemer
|
0-0: Ball 1-0: Ground out 6-3 (Groundball, 6, EV 100.0 MPH)
|
|
Batting: RHB Er Le
|
0-0: Swinging Strike 0-1: Swinging Strike 0-2: Foul Ball, location: 2F 0-2: DOUBLE (Line Drive, 78M, EV 103.1 MPH)
|
|
Batting: RHB Antonio Laurel
|
0-0: Ball 1-0: Ball 2-0: Swinging Strike 2-1: Ball 3-1: Base on Balls
|
|
Pitching: RHP Zack Sharp
|
|
|
Batting: LHB Chance McWilliams
|
0-0: Ground out 4-3 (Groundball, 34S, EV 68.1 MPH) Er Le to third Antonio Laurel to second
|
|
Batting: RHB Pat Scaturro
|
0-0: Ground out 6-3 (Groundball, 6, EV 86.2 MPH)
|
| Top of the 5th over - 0 runs, 1 hit, 0 errors, 2 left on base; Harrisburg 0 - Biloxi 6 |
| BOTTOM OF THE 5TH |
|
Biloxi Shuckers batting - Pitching for Harrisburg Senators : RHP Luis Astudillo
|
|
Batting: SHB Jerry Duffy
|
0-0: Ball 1-0: Ball 2-0: Called Strike 2-1: Foul Ball, location: 2F 2-2: Ground out U3 (Groundball, 34, EV 94.4 MPH)
|
|
Batting: RHB Josh Nelson
|
0-0: SOLO HOME RUN (Flyball, 7LD, EV 93.1 MPH), Distance : 347 ft
|
|
Batting: RHB Brian Landrum
|
0-0: Ball 1-0: Hit by Pitch
|
|
Pitching: RHP David Koski
|
|
|
Batting: RHB Leo Serrano
|
0-0: Ball 1-0: Called Strike 1-1: Fielders Choice at 2nd, 5-4 (Groundball, 5, EV 80.0 MPH)
|
|
Batting: RHB Nick Cummings
|
0-0: Ball Leo Serrano is caught stealing 2nd base 2-4
|
| Bottom of the 5th over - 1 run, 1 hit, 0 errors, 0 left on base; Harrisburg 0 - Biloxi 7 |
| TOP OF THE 6TH |
|
Harrisburg Senators batting - Pitching for Biloxi Shuckers : RHP Zack Sharp
|
|
Batting: RHB Bobby Bricker
|
0-0: Ground out 6-3 (Groundball, 6, EV 85.6 MPH)
|
|
Batting: RHB Roger Simmons
|
0-0: Ball 1-0: Ball 2-0: Called Strike 2-1: Ball 3-1: SINGLE (Line Drive, 78S, EV 90.6 MPH)
|
|
Batting: RHB Antonio Vallez
|
0-0: Swinging Strike 0-1: Foul Ball, location: 2F 0-2: Foul Ball, location: 2F 0-2: Foul Ball, location: 2F 0-2: Strikes out looking
|
|
Batting: LHB Vince McLane
|
0-0: Called Strike 0-1: Foul Ball, location: 2F 0-2: Fly out, F8 (Flyball, 8RM, EV 93.1 MPH)
|
| Top of the 6th over - 0 runs, 1 hit, 0 errors, 1 left on base; Harrisburg 0 - Biloxi 7 |
| BOTTOM OF THE 6TH |
|
Biloxi Shuckers batting - Pitching for Harrisburg Senators : RHP David Koski
|
|
Batting: RHB Nick Cummings
|
0-0: Ball 1-0: Ground out 5-3 (Groundball, 56S, EV 81.2 MPH)
|
|
Batting: SHB Justin Hensley
|
0-0: Called Strike 0-1: Ball 1-1: Foul Ball, location: 2F 1-2: Strikes out swinging
|
|
Batting: SHB Aaron Neill
|
0-0: Called Strike 0-1: Foul Ball, location: 2F 0-2: Ball 1-2: Foul Ball, location: 2F 1-2: Foul Ball, location: 2F 1-2: Foul Ball, location: 2F 1-2: SINGLE (Groundball, 56D, EV 94.4 MPH)
|
|
Batting: RHB Jeremy Harden
|
0-0: Ball Aaron Neill steals 2nd base 1-0: Ball 2-0: DOUBLE (Line Drive, 5D, EV 109.4 MPH) Aaron Neill scores
|
|
Batting: LHB Rick Campbell
|
0-0: Ground out 3-1 (Groundball, 34S, EV 87.5 MPH)
|
| Bottom of the 6th over - 1 run, 2 hits, 0 errors, 1 left on base; Harrisburg 0 - Biloxi 8 |
| TOP OF THE 7TH |
|
Harrisburg Senators batting - Pitching for Biloxi Shuckers : RHP Zack Sharp
|
|
Batting: RHB Ryan Hiemer
|
0-0: Called Strike 0-1: Ball 1-1: Ground out 6-3 (Groundball, 6, EV 88.8 MPH)
|
|
Batting: RHB Er Le
|
0-0: Called Strike 0-1: Called Strike 0-2: Foul Ball, location: 2F 0-2: Strikes out looking
|
|
Batting: RHB Antonio Laurel
|
0-0: Foul Ball, location: 2F 0-1: Called Strike 0-2: Ball 1-2: Foul Ball, location: 2F 1-2: Strikes out swinging
|
| Top of the 7th over - 0 runs, 0 hits, 0 errors, 0 left on base; Harrisburg 0 - Biloxi 8 |
| BOTTOM OF THE 7TH |
|
Biloxi Shuckers batting - Pitching for Harrisburg Senators : RHP David Koski
|
|
Batting: SHB Jerry Duffy
|
0-0: Ball 1-0: Ball 2-0: Ball 3-0: Called Strike 3-1: Fly out, F8 (Flyball, 8RD, EV 100.0 MPH)
|
|
Batting: RHB Josh Nelson
|
0-0: Ball 1-0: Ground out 4-3 (Groundball, 4, EV 92.5 MPH)
|
|
Batting: RHB Brian Landrum
|
0-0: Foul Ball, location: 2F 0-1: Called Strike 0-2: Ball 1-2: Ground out U3 (Groundball, 3, EV 108.1 MPH)
|
| Bottom of the 7th over - 0 runs, 0 hits, 0 errors, 0 left on base; Harrisburg 0 - Biloxi 8 |
| TOP OF THE 8TH |
|
Harrisburg Senators batting - Pitching for Biloxi Shuckers : RHP Zack Sharp
|
|
Batting: LHB Chance McWilliams
|
0-0: Ball 1-0: Ball 2-0: Called Strike 2-1: Ball 3-1: DOUBLE (Line Drive, 78XD, EV 105.0 MPH)
|
|
Batting: RHB Pat Scaturro
|
0-0: Called Strike 0-1: Ball 1-1: Ground out 6-3 (Groundball, 6, EV 106.2 MPH)
|
|
Batting: RHB Bobby Bricker
|
0-0: Called Strike 0-1: Ball 1-1: Foul Ball, location: 2F 1-2: Ball 2-2: Ground out 5-3 (Groundball, 56, EV 79.4 MPH)
|
|
Batting: RHB Roger Simmons
|
0-0: Called Strike 0-1: Swinging Strike 0-2: Ball 1-2: Foul Ball, location: 2F 1-2: Fly out, F7 (Flyball, 7, EV 75.6 MPH)
|
| Top of the 8th over - 0 runs, 1 hit, 0 errors, 1 left on base; Harrisburg 0 - Biloxi 8 |
| BOTTOM OF THE 8TH |
|
Biloxi Shuckers batting - Pitching for Harrisburg Senators : RHP David Koski
|
|
Batting: RHB Leo Serrano
|
0-0: Called Strike 0-1: Ball 1-1: SINGLE (Groundball, 6D, EV 96.9 MPH)
|
|
Pitching: RHP Bill Stump
|
|
|
Batting: RHB Nick Cummings
|
0-0: Reached on error, E5 (Groundball, 56, EV 86.2 MPH) Leo Serrano to second
|
|
Batting: SHB Justin Hensley
|
0-0: Ball 1-0: Called Strike 1-1: Foul Ball, location: 2F 1-2: Ball 2-2: Ball 3-2: Base on Balls Leo Serrano to third Nick Cummings to second
|
|
Batting: SHB Aaron Neill
|
0-0: Foul Ball, location: 2F 0-1: Ball 1-1: Called Strike 1-2: Ball 2-2: Ball 3-2: SINGLE (Flyball, 7LS, EV 85.0 MPH) Leo Serrano scores Nick Cummings to third Justin Hensley to second
|
|
Batting: RHB Jeremy Harden
|
0-0: Called Strike 0-1: Ball 1-1: Ball 2-1: SINGLE (Line Drive, 9S, EV 90.0 MPH) Nick Cummings scores Justin Hensley to third Aaron Neill to second
|
|
Batting: LHB Rick Campbell
|
0-0: SINGLE (Groundball, 5S, EV 94.4 MPH) Justin Hensley scores Aaron Neill to third Jeremy Harden to second
|
|
Batting: SHB Jerry Duffy
|
0-0: Ball 1-0: Fielders Choice at 2nd, 6-4 (Groundball, 6, EV 81.9 MPH) Aaron Neill scores Jeremy Harden to third
|
|
Pitching: LHP Anton Erlykov
|
|
|
Batting: RHB Josh Nelson
|
0-0: Foul Ball, location: 2F 0-1: Ball 1-1: Called Strike 1-2: Strikes out swinging
|
|
Batting: RHB Brian Landrum
|
0-0: Swinging Strike 0-1: Ball 1-1: Called Strike 1-2: Strikes out looking
|
| Bottom of the 8th over - 4 runs, 4 hits, 1 error, 2 left on base; Harrisburg 0 - Biloxi 12 |
| TOP OF THE 9TH |
|
Harrisburg Senators batting - Pitching for Biloxi Shuckers : RHP Zack Sharp
|
|
Batting: RHB Antonio Vallez
|
0-0: Ball 1-0: Foul Ball, location: 2F 1-1: Ball 2-1: Ball 3-1: Base on Balls
|
|
Pitching: LHP Billy Rojas
|
|
|
Batting: LHB Vince McLane
|
0-0: Hit by Pitch Antonio Vallez to second
|
|
Batting: RHB Ryan Hiemer
|
0-0: Ball 1-0: Foul Ball, location: 2F 1-1: Ball 2-1: Foul Ball, location: 2F 2-2: Ball 3-2: Foul Ball, location: 2F 3-2: SINGLE (Line Drive, 9S, EV 85.6 MPH) Antonio Vallez to third Vince McLane to second
|
|
Batting: RHB Er Le
|
0-0: Ball 1-0: Ball 2-0: Ball 3-0: Called Strike 3-1: Base on Balls Antonio Vallez scores Vince McLane to third Ryan Hiemer to second
|
|
Batting: RHB Antonio Laurel
|
0-0: Called Strike 0-1: Foul Ball, location: 2F 0-2: Ball 1-2: Grounds into double play, 5-4-3 (Groundball, 5, EV 85.6 MPH) Vince McLane scores Ryan Hiemer to third
|
|
Batting: LHB Chance McWilliams
|
0-0: Ball 1-0: Called Strike 1-1: Called Strike 1-2: Strikes out swinging
|
| Top of the 9th over - 2 runs, 1 hit, 0 errors, 1 left on base; Harrisburg 2 - Biloxi 12 |
|